 Dungeon Crawl Stone Soup version 0.21.1-1-g345015f (webtiles) character file.

7999 prawnwizard the Arsonist (level 11, -7/57 HPs)
             Began as a Deep Elf Fire Elementalist on July 1, 2018.
             Was a Believer of Vehumet.
             Mangled by Snorg (10 damage)
             ... on level 11 of the Dungeon.
             The game lasted 01:14:31 (13603 turns).

prawnwizard the Arsonist (DEFE)                    Turns: 13603, Time: 01:14:31

Health: -7/57      AC:  7    Str:  5    XL:     11   Next: 4%
Magic:  26/26      EV: 18    Int: 24    God:    Vehumet [**....]
Gold:   714        SH:  0    Dex: 15    Spells: 14/29 levels left

rFire    . . .     SeeInvis .   H - staff of summoning
rCold    + . .     Gourm    .   (no shield)
rNeg     + . .     Faith    .   a - +0 robe
rPois    .         Spirit   .   B - +1 hat
rElec    .         Reflect  .   s - scarf {repulsion}
rCorr    .         Harm     .   k - +0 pair of gloves
MR       +....                  y - +2 pair of boots
Stlth    ++........             E - amulet of regeneration
HPRegen  0.59/turn              I - ring of positive energy
MPRegen  0.20/turn              w - ring of protection from cold

@: repel missiles
A: no striking features
a: Renounce Religion


You were on level 11 of the Dungeon.
You worshipped Vehumet.
Vehumet was pleased with you.
You were not hungry.

You visited 2 branches of the dungeon, and saw 12 of its levels.

You collected 714 gold pieces.

Inventory:

Hand Weapons
 f - a +0 spear
Armour
 a - a +0 robe (worn)
 k - a +0 pair of gloves (worn)
 s - a scarf of repulsion (worn)
 y - a +2 pair of boots (worn)
 B - a +1 hat (worn)
Magical Staves
 H - an uncursed staff of summoning (weapon)
Jewellery
 w - a ring of protection from cold (right hand)
 E - an amulet of regeneration (around neck)
 I - a ring of positive energy (left hand)
 M - an uncursed ring of fire {unknown}
Wands
 z - a wand of disintegration (12)
 A - a wand of enslavement (2)
 O - a wand of iceblast (12)
Scrolls
 g - 4 scrolls of remove curse
 j - 5 scrolls of identify
 o - 2 scrolls of teleportation
 q - a scroll of magic mapping
 v - a scroll of fog
 C - a scroll of immolation
 F - a scroll of amnesia
 G - a scroll of holy word {unknown}
 J - 2 scrolls of summoning {unknown}
 K - a scroll of enchant weapon {unknown}
 N - a scroll of acquirement {unknown}
Potions
 d - 2 potions of lignification {unknown}
 e - 2 potions of haste
 h - 4 potions of resistance
 i - 3 potions of flight
 l - 2 potions of curing
 n - 2 potions of brilliance
 p - a potion of heal wounds
 r - a potion of degeneration
 x - 2 potions of might
Books
 b - a book of Flames

   Spells                             Type                      Level
   a - Flame Tongue                   Conjuration/Fire             1
   b - Throw Flame                    Conjuration/Fire             2
   c - Conjure Flame                  Conjuration/Fire             3
   d - Inner Flame                    Hexes/Fire                   3
   e - Sticky Flame                   Conjuration/Fire             4
   f - Fireball                       Conjuration/Fire             5
 m - a book of Clouds

   Spells                             Type                      Level
   a - Poisonous Vapours              Poison/Air                   2
   b - Mephitic Cloud                 Conjuration/Poison/Air       3
   c - Conjure Flame                  Conjuration/Fire             3
   d - Freezing Cloud                 Conjuration/Ice/Air          6
   e - Ring of Flames                 Charms/Fire                  7
 u - a book of Conjurations

   Spells                             Type                      Level
   a - Magic Dart                     Conjuration                  1
   b - Searing Ray                    Conjuration                  2
   c - Dazzling Spray                 Conjuration/Hexes            3
   d - Fulminant Prism                Conjuration/Hexes            4
   e - Force Lance                    Conjuration/Translocation    4
   f - Iskenderun's Mystic Blast      Conjuration                  4
 D - a book of Battle

   Spells                             Type                      Level
   a - Infusion                       Charms                       1
   b - Shroud of Golubria             Charms/Translocation         2
   c - Song of Slaying                Charms                       2
   d - Spectral Weapon                Hexes/Charms                 3
   e - Regeneration                   Charms/Necromancy            3
 L - a book of Frost

   Spells                             Type                      Level
   a - Freeze                         Ice                          1
   b - Throw Frost                    Conjuration/Ice              2
   c - Ozocubu's Armour               Charms/Ice                   3
   d - Throw Icicle                   Conjuration/Ice              4
   e - Summon Ice Beast               Ice/Summoning                4
Comestibles
 c - 26 rations


   Skills:
 - Level 1.8 Fighting
 + Level 9.1 Dodging
 - Level 2.4 Stealth
 + Level 9.9 Spellcasting
 + Level 8.1 Conjurations
 * Level 11.6 Fire Magic
 + Level 4.4 Evocations


You had 14 spell levels left.
You knew the following spells:

 Your Spells              Type           Power        Failure   Level  Hunger
a - Flame Tongue          Conj/Fire      #####        1%          1    None
b - Throw Flame           Conj/Fire      ######       1%          2    None
c - Conjure Flame         Conj/Fire      ######..     1%          3    None
d - Sticky Flame          Conj/Fire      ######..     1%          4    #......
e - Fireball              Conj/Fire      ######....   2%          5    ####...


Dungeon Overview and Level Annotations

Branches:
Dungeon (11/15)            Temple (1/1) D:6            Lair (0/6) D:8
    Orc (0/2) D:9

Altars:
Ashenzari
Cheibriados
Dithmenos
Elyvilon
Fedhas
Gozag
Hepliaklqana
Kikubaaqudgha
Makhleb
Nemelex Xobeh
Okawaru
Qazlal
Ru
Sif Muna
Trog
Uskayaw
Vehumet
Wu Jian
Xom
Yredelemnul
Zin
The Shining One

Shops:
D:5 !   D:10 (

Annotations:
D:9 lmSkywalker's ghost, journeyman TrBe
D:11 Erica; Snorg; fispok69's ghost, novice GnGl


Message History

Confirm with . or Enter, or press ? or * to list all spells.
Okay, then.
Aiming: Enslavement
Press: ? - help, Shift-Dir - straight line, f - Snorg
Aim: Snorg (berserk, fast, unusually strong, chance to defeat MR: 25%) Snorg resists with almost no effort.
Snorg barely misses you. Snorg misses you. Snorg barely misses you.
Snorg bites you! Snorg misses you. Snorg barely misses you.
Aiming: Enslavement
Press: ? - help, Shift-Dir - straight line, f/p - Snorg
Aim: Snorg (berserk, fast, unusually strong, chance to defeat MR: 25%) Snorg resists with almost no effort.
Snorg bites you!!
* * * LOW HITPOINT WARNING * * *
Snorg closely misses you. Snorg claws you!
* * * LOW HITPOINT WARNING * * *
Aiming: Enslavement
Press: ? - help, Shift-Dir - straight line, f/p - Snorg
Aim: Snorg (berserk, fast, unusually strong, chance to defeat MR: 25%) Snorg resists with almost no effort.
Snorg barely misses you. Snorg claws you!
You die...

#.........
#..D......
#.........
#.........
#.........
#.......?.
#.# #T####
#@...##
####..#
##.###
#...##
###..#
##.# #.##
#..# ##.#


You could see Snorg (berserk) and a steam dragon (fleeing).

Vanquished Creatures
  Harold (D:10)
  A two-headed ogre (D:9)
  Pikel (D:9)
  A troll (shapeshifter) (D:11)
  A troll (D:11)
  Grinder (D:5)
  Prince Ribbit (D:5)
  A hippogriff (D:10)
  6 yaks (D:11)
  A hungry ghost (D:11)
  Menkaure (D:5)
  3 ice beasts
  A black bear (D:10)
  3 necrophages (D:8)
  3 sky beasts
  A slave (D:9)
  5 orc warriors
  3 phantoms
  4 ogres
  3 centaurs
  2 bullfrogs
  A wyvern zombie (D:8)
  4 scorpions
  A water moccasin skeleton (D:6)
  A killer bee (D:9)
  3 wights (D:8)
  3 howler monkeys (D:7)
  A bullfrog zombie (D:7)
  5 hounds
  A quasit (D:8)
  2 bullfrog skeletons
  2 centaur zombies
  A jelly (D:8)
  4 orc priests
  Terence (D:3)
  Jessica (D:2)
  2 iguanas
  6 orc wizards
  4 worker ants
  A hound zombie (D:7)
  4 mummies (D:8)
  4 worker ant zombies
  6 adders
  4 shadow imps
  An adder zombie (D:9)
  An adder skeleton (D:5)
  5 worms
  2 dart slugs (D:1)
  5 leopard geckos
  33 orcs
  6 giant cockroaches
  9 goblins
  11 hobgoblins
  21 jackals
  2 quokkas
  A ball python (D:3)
  12 bats
  3 frilled lizards
  3 kobolds
  2 leopard gecko skeletons (D:4)
  6 rats
  A spectral orc (D:8)
230 creatures vanquished.

Notes
Turn   | Place    | Note
-------+----------+-------------------------------------------
     0 | D:1      | prawnwizard the Deep Elf Fire Elementalist began the quest for the Orb.
     0 | D:1      | Reached XP level 1. HP: 10/10 MP: 6/6
   245 | D:1      | Reached XP level 2. HP: 15/15 MP: 4/8
   287 | D:1      | Learned a level 2 spell: Throw Flame
   926 | D:1      | Found a sparkling altar of Nemelex Xobeh.
   929 | D:1      | Reached XP level 3. HP: 19/19 MP: 2/9
  1082 | D:2      | Learned a level 3 spell: Conjure Flame
  1172 | D:2      | Reached skill level 4 in Fire Magic
  1721 | D:2      | Found a glowing silver altar of Zin.
  1957 | D:2      | You fall through a shaft!
  2433 | D:2      | Noticed Jessica
  2435 | D:2      | Killed Jessica
  2435 | D:2      | Reached XP level 4. HP: 24/24 MP: 6/11
  2555 | D:2      | Learned a level 4 spell: Sticky Flame
  2625 | D:2      | Found a shadowy altar of Dithmenos.
  2625 | D:2      | Found a stormy altar of Qazlal.
  2701 | D:3      | Noticed Terence
  2789 | D:3      | Killed Terence
  2968 | D:3      | Reached XP level 5. HP: 28/28 MP: 2/13
  3202 | D:3      | Noticed a phantom
  3218 | D:3      | Killed a phantom
  3218 | D:3      | Reached skill level 5 in Fire Magic
  3320 | D:3      | Found an ornate altar of the Wu Jian Council.
  3395 | D:4      | Noticed a phantom
  3410 | D:4      | Killed a phantom
  3410 | D:4      | Reached XP level 6. HP: 32/32 MP: 1/14
  3878 | D:4      | Reached skill level 5 in Spellcasting
  3878 | D:4      | Reached skill level 6 in Fire Magic
  4058 | D:4      | Found a sacrificial altar of Ru.
  4468 | D:5      | Entered Level 5 of the Dungeon
  4468 | D:5      | Found Ryorr's Distillery.
  4539 | D:5      | Noticed a sky beast
  4549 | D:5      | Killed a sky beast
  4549 | D:5      | Reached XP level 7. HP: 30/36 MP: 9/16
  4925 | D:5      | Noticed Menkaure
  4932 | D:5      | Killed Menkaure
  4932 | D:5      | Reached skill level 5 in Dodging
  4965 | D:5      | Noticed Grinder
  4970 | D:5      | Killed Grinder
  4970 | D:5      | Reached skill level 7 in Fire Magic
  5136 | D:5      | Noticed Prince Ribbit
  5142 | D:5      | Killed Prince Ribbit
  5142 | D:5      | Reached XP level 8. HP: 28/41 MP: 8/19
  5243 | D:6      | Found a staircase to the Ecumenical Temple.
  5256 | Temple   | Entered the Ecumenical Temple
  5621 | D:6      | Found a snail-covered altar of Cheibriados.
  6004 | D:6      | Found a blossoming altar of Fedhas.
  6006 | D:6      | Found a snail-covered altar of Cheibriados.
  6006 | D:6      | Found a shadowy altar of Dithmenos.
  6008 | D:6      | Found a sacrificial altar of Ru.
  6008 | D:6      | Found a glowing silver altar of Zin.
  6008 | D:6      | Found a shimmering altar of Xom.
  7013 | D:7      | Found a radiant altar of Vehumet.
  7173 | D:7      | Became a worshipper of Vehumet
  7183 | D:7      | Reached skill level 5 in Conjurations
  7316 | D:7      | Reached skill level 8 in Fire Magic
  7323 | D:7      | Found a glowing golden altar of the Shining One.
  7435 | D:7      | Found a hazy altar of Hepliaklqana.
  7801 | D:7      | Reached * piety under Vehumet
  7801 | D:7      | Offered knowledge of Sandblast by Vehumet.
  8095 | D:7      | Reached XP level 9. HP: 45/45 MP: 13/22
  8318 | D:7      | Learned a level 5 spell: Fireball
  8344 | D:7      | Reached skill level 9 in Fire Magic
  8567 | D:8      | Found a basalt altar of Yredelemnul.
  8609 | D:8      | Reached skill level 1 in Fighting
  9507 | D:8      | Reached ** piety under Vehumet
  9645 | D:8      | Found a staircase to the Lair.
  9655 | D:8      | Offered knowledge of Freeze by Vehumet.
  9925 | D:9      | Found a staircase to the Orcish Mines.
  9939 | D:8      | Reached skill level 10 in Fire Magic
  9939 | D:8      | Reached skill level 1 in Evocations
 10267 | D:9      | Noticed lmSkywalker's ghost (journeyman TrBe)
 10281 | D:9      | Noticed Pikel
 10907 | D:9      | Noticed a two-headed ogre
 10919 | D:9      | Killed a two-headed ogre
 10919 | D:9      | Reached XP level 10. HP: 53/53 MP: 11/24
 11557 | D:9      | Killed Pikel
 11682 | D:10     | Entered Level 10 of the Dungeon
 12112 | D:10     | Noticed Harold
 12122 | D:10     | Killed Harold
 12122 | D:10     | Reached skill level 11 in Fire Magic
 12236 | D:10     | Found Suyxeng's Weapon Shop.
 12751 | D:11     | Noticed Erica
 13230 | D:11     | Offered knowledge of Ignite Poison by Vehumet.
 13307 | D:11     | Reached XP level 11. HP: 47/57 MP: 0/26
 13573 | D:11     | Noticed fispok69's ghost (novice GnGl)
 13597 | D:11     | Noticed Snorg
 13603 | D:11     | Mangled by Snorg

Skill      XL: |  1  2  3  4  5  6  7  8  9 10 |
---------------+-------------------------------+-----
Dodging        | 3 4 5 6 8 9 |  9.1
Fire Magic     | 4 5 6 7 8 10 11 | 11.6
Conjurations   | 2 3 4 5 7 8 |  8.1
Spellcasting   | 4 5 6 7 8 9 |  9.9
Fighting       | 1 |  1.8
Evocations     | 2 4 |  4.4
Stealth        | |  2.4

Action                   |  1- 3 |  4- 6 |  7- 9 | 10-12 || total
-------------------------+-------+-------+-------+-------++-------
Melee: Unarmed           |     6 |       |       |       ||     6
       Spear             |    15 |    14 |    26 |       ||    55
 Cast: Flame Tongue      |    44 |    82 |   252 |   136 ||   514
       Throw Flame       |    42 |    24 |    24 |    10 ||   100
       Conjure Flame     |       |     1 |     5 |     5 ||    11
       Sticky Flame      |       |       |    38 |    20 ||    58
       Fireball          |       |       |       |     1 ||     1
Evoke: Wand              |       |       |       |     4 ||     4
  Use: Scroll            |       |       |    16 |     1 ||    17
       Potion            |       |       |       |     2 ||     2
  Eat: Chunk             |     6 |     5 |    16 |     2 ||    29
       Ration            |       |       |     2 |     3 ||     5
Armor: Robe              |    17 |     7 |    32 |    12 ||    68
Dodge: Dodged            |    36 |    26 |   148 |    61 ||   271
       Deflected         |       |       |     2 |     3 ||     5
